AoeStats
← ManuS

Arabia

508111023Analyzed
2v2 RM · 13d ago on Sep 20, 2026· 47m 14s· 4 players
Game mode
Random Map
Map size
Medium (4 player)
Population
200
Speed
Normal
Resources
Standard
Victory
Conquest
Starting age
Dark Age
Ending age
Imperial Age
RankedLock teamsTeams togetherTeam positionsShared explorationLock speedFull tech treeHidden civsTurbo modeCheats
Victory
Defeat
🇦🇷 Franks · Argentina
1059
+17
🇦🇷 Portuguese · Argentina
976
+21
🇮🇳 Persians · India
1085
-19
🇧🇷 Spanish · Brazil
1084
-19
BALDUINO IV
2:41 Loom
3:21 Loom
10:21 Feudal Age
11:04 Double-Bit Axe
11:01 Horse Collar
20:40 Castle Age
20:57 Scale Barding Armor
21:05 Forging
21:48 Bloodlines
21:06 Pikeman
22:24 Wheelbarrow
22:37 Town Watch
26:32 Husbandry
28:49 Hand Cart
28:36 Town Patrol
29:15 Ballistics
29:13 Gold Mining
29:15 Stone Mining
30:52 Stone Shaft Mining
29:58 Elite Skirmisher
31:14 Fletching
31:50 Bodkin Arrow
33:08 Treadmill Crane
33:25 Murder Holes
36:36 Padded Archer Armor
37:12 Iron Casting
36:58 Chain Barding Armor
43:05 Imperial Age
43:12 Cavalier
45:14 Chemistry
44:20 Siege Engineers
44:25 Masonry
43:48 Capped Ram
44:38 Crossbowman
45:24 Thumb Ring
47:01 Plate Barding Armor
47:27 Blast Furnace
46:28 Bracer
46:30 Scale Mail Armor
46:46 Leather Archer Armor
47:56 Bow Saw
47:50 Heavy Plow
ManuS
6:10 Loom
8:59 Feudal Age
9:57 Double-Bit Axe
17:40 Scale Barding Armor
17:38 Fletching
19:54 Castle Age
18:39 Gold Mining
20:20 Padded Archer Armor
21:23 Bodkin Arrow
21:36 Crossbowman
28:17 Bow Saw
29:43 Leather Archer Armor
30:10 Ballistics
30:53 Stone Mining
31:40 Gold Shaft Mining
41:44 Imperial Age
41:55 Scale Barding Armor
42:02 Forging
43:26 Chain Barding Armor
43:07 Scale Mail Armor
43:45 Iron Casting
43:13 Husbandry
42:34 Cavalier
P A T S H A
7:10 Loom
9:41 Feudal Age
10:57 Double-Bit Axe
18:48 Castle Age
18:59 Bloodlines
19:45 Bow Saw
26:02 Forging
30:37 Town Watch
34:35 Scale Barding Armor
35:06 Iron Casting
38:33 Kamandaran
MrSoider
8:40 Loom
10:58 Feudal Age
12:17 Wheelbarrow
11:35 Double-Bit Axe
20:24 Castle Age
18:55 Horse Collar
20:10 Stone Mining
23:14 Sanctity
23:05 Fervor
24:48 Bow Saw
24:41 Heavy Plow
25:09 Inquisition
26:03 Hand Cart
25:57 Gold Mining
27:23 Husbandry
27:47 Bloodlines
28:05 Forging
27:57 Scale Mail Armor
27:23 Pikeman
30:25 Scale Barding Armor
31:50 Iron Casting
33:28 Town Watch
38:33 Imperial Age
37:17 Chain Barding Armor
38:35 Cavalier
40:20 Blast Furnace
41:51 Plate Barding Armor
41:38 Redemption
43:26 Paladin
Connection lost

Rejoining the realm…

Still unreachable

The connection could not be restored.

Session expired

The server has moved on; the page needs a fresh start.